 Dungeon Crawl Stone Soup version 0.23-a0-663-g304f35b (webtiles) character file.

12 Blackhawk the Skirmisher (level 2, 4/19 HPs)
             Began as a Gargoyle Monk on Jan 7, 2019.
             Quit the game on level 1 of the Dungeon.
             The game lasted 00:00:45 (377 turns).

Blackhawk the Skirmisher (Gargoyle Monk)             Turns: 377, Time: 00:00:46

Health: 4/19       AC:  4    Str: 14    XL:     2   Next: 33%
Magic:  2/2        EV: 12    Int: 10    God:
Gold:   2          SH:  0    Dex: 12    Spells: 1/1 levels left

rFire    . . .     SeeInvis .   a - +0 mace
rCold    . . .     Gourm    .   (no shield)
rNeg     + . .     Faith    .   b - +0 robe
rPois    ∞         Spirit   .   (no helmet)
rElec    +         Reflect  .   (no cloak)
rCorr    .         Harm     .   (no gloves)
MR       .....                  (no boots)
Stlth    ++........             (no amulet)
HPRegen  0.06/turn              (no ring)
MPRegen  0.08/turn              (no ring)

@: no status effects
A: negative energy resistance 1, electricity resistance, unbreathing,
petrification resistance, rot immunity, AC +2
a: no special abilities


You were on level 1 of the Dungeon.
You were not hungry.

You visited 1 branch of the dungeon, and saw 1 of its levels.

You collected 2 gold pieces.

Inventory:

Hand Weapons
 a - a +0 mace (weapon)
Armour
 b - a +0 robe (worn)
Scrolls
 e - a scroll of remove curse {unknown}
Comestibles
 c - 2 rations
 d - 4 chunks of flesh


   Skills:
 + Level 3.5 Fighting
 + Level 3.1 Maces & Flails
 + Level 0.5 Armour
 + Level 2.5 Dodging
 - Level 2.3 Stealth


You had one spell level left.
You didn't know any spells.
Your spell library was empty.

Dungeon Overview and Level Annotations

Branches:
Dungeon (1/15)

Altars:
Ashenzari


Innate Abilities, Weirdness & Mutations

You are resistant to torment.
Your stone body is resilient. (AC +2)
You are immune to poison.
You resist negative energy. (rN+)
You are resistant to electric shocks. (rElec)
You can survive without breathing.
You are immune to petrification.
You are immune to rotting.


Message History

The jackal bites you but does no damage. x2
The jackal barely misses you.
You barely miss the jackal. The jackal misses you. x2
The jackal barely misses you.
You barely miss the jackal. The jackal closely misses you.
The jackal barely misses you. The jackal closely misses you.
You closely miss the jackal. The jackal misses you.
The jackal barely misses you. The jackal closely misses you.
The jackal bites you but does no damage.
You closely miss the jackal. The jackal bites you.
* * * LOW HITPOINT WARNING * * *
The jackal closely misses you. The jackal barely misses you.
The jackal bites you but does no damage.
The jackal barks!
You hit the jackal.
You kill the jackal!
You hear an angry hiss.
Quiver which item? (- for none, * to show all) (? for menu, Esc to quit)
Okay, then.
Are you sure you want to abandon this character and quit the game? (Confirm

........#.#
#....÷###.#
..........# ###
........### #..
.##.##).######.##
.................
.##.###.#####..##
.##.# #..#
#.?#### .##.#
#..# #..h@.# .
.##.. #..##
#.hh#.#.h. .####
#...# #...#.....
....
#.#.###†......#
.###
#.#..##(#.###.#
.# #.........# .#
## ####.##.### #
...##...
............


You could see 3 jackals.

Vanquished Creatures
  A leopard gecko (D:1)
  A ball python (D:1)
  A goblin (D:1)
  2 hobgoblins (D:1)
  A jackal (D:1)
  3 kobolds (D:1)
  A rat (D:1)
10 creatures vanquished.

Notes
Turn   | Place    | Note
-------+----------+-------------------------------------------
     0 | D:1      | Blackhawk the Gargoyle Monk began the quest for the Orb.
     0 | D:1      | Reached XP level 1. HP: 14/14 MP: 1/1
    16 | D:1      | Found a shattered altar of Ashenzari.
   260 | D:1      | Reached XP level 2. HP: 14/19 MP: 2/2
   377 | D:1      | Quit the game

Vault maps used:
D:1:      tarquinn_simple_flora_water_f, ashenzari_altar_1

Action                   || total
-------------------------++-------
Melee: Mace              ||    32
Armor: Robe              ||    16
Dodge: Dodged            ||    37

Table legend:
 A = Non-vault XP
 B = Vault XP
 C = Vault XP percentage of total XP
 D = Non-vault monster count
 E = Vault monster count
 F = Vault count percentage of total count
                 A         B        C        D         E       F
            +---------+---------+-------+---------+---------+-------
      Total |      18 |       0 |   0.0 |      10 |       0 |   0.0
            +---------+---------+-------+---------+---------+-------
        D:1 |      18 |       0 |   0.0 |      10 |       0 |   0.0
            +---------+---------+-------+---------+---------+-------
